 Dungeon Crawl Stone Soup version 0.28.0-43-g3370ac3207 (webtiles) character file.

Game seed: 7367028440614084706

117 boopmooplesden the Twirler (level 4, -23/38 HPs)
             Began as a Minotaur Gladiator on Mar 2, 2022.
             Annihilated by an ogre
             ... wielding a +0 giant club
              (31 damage)
             ... on level 2 of the Dungeon.
             The game lasted 00:01:31 (1482 turns).

boopmooplesden the Twirler (Minotaur Gladiator)     Turns: 1482, Time: 00:01:32

Health: -23/38     AC:  3    Str: 19    XL:     4   Next: 71%
Magic:  3/3        EV: 13    Int:  5    God:
Gold:   50         SH:  0    Dex: 13    Spells: 3/3 levels left

rFire   + . .      SeeInvis .   h - +7 whip of the Enchanted Forest {flame, rF+ rC+ Will+}
rCold   + . .      Faith    .   (no shield)
rNeg    . . .      Spirit   .   b - +0 leather armour
rPois   .          Reflect  .   c - +0 hat
rElec   .          Harm     .   (no cloak)
rCorr   .          Rampage  .   (no gloves)
Will    +....                   (no boots)
Stlth   +.........              (no amulet)
HPRegen 0.12/turn               (no ring)
MPRegen 0.08/turn               (no ring)

@: no status effects
A: horns 2, retaliatory headbutt
a: no special abilities


You were on level 2 of the Dungeon.
You visited 1 branch of the dungeon, and saw 2 of its levels.

You collected 50 gold pieces.

Inventory:

Hand Weapons
 a - a +0 quarterstaff
 h - the +7 whip of the Enchanted Forest (weapon) {flame, rF+ rC+ Will+}
   (You found it on level 2 of the Dungeon)

   It burns those it strikes, dealing additional fire damage.
   rF:        It protects you from fire.
   rC:        It protects you from cold.
   Will:      It increases your willpower.
Missiles
 d - 3 throwing nets (quivered)
Armour
 b - a +0 leather armour (worn)
 c - a +0 hat (worn)
Scrolls
 e - 6 scrolls of identify
 g - 2 scrolls of vulnerability {unknown}
 j - a scroll of magic mapping {unknown}
 k - a scroll of blinking {unknown}
Potions
 f - a potion of curing
 i - a potion of degeneration {unknown}


   Skills:
 + Level 3.0 Fighting
 + Level 0.5(3.0) Maces & Flails
 + Level 4.9 Staves
 + Level 2.3 Throwing
 + Level 1.3 Armour
 + Level 4.3 Dodging


You had 3 spell levels left.
You didn't know any spells.
Your spell library was empty.

Dungeon Overview and Level Annotations

Branches:
Dungeon (2/15)

Altars:


Innate Abilities, Weirdness & Mutations

You have a pair of horns on your head.
You reflexively headbutt those who attack you in melee.


Message History

You closely miss the orc. The orc completely misses you.
You hit the orc. You burn the orc. Your headbutt misses the orc.
The orc is heavily wounded.
The orc closely misses you.
You whack the orc! You burn the orc.
You kill the orc!
Things that are here:
a +0 hand axe; a +0 ring mail
Found 11 gold pieces.
Things that are here:
a +0 hand axe; a +0 ring mail
Things that are here:
a +0 whip; a +0 ring mail
Items here: ))) [[.
k - a scroll labelled TIMIOF TIAPRES
Found a stone staircase leading up.
You now have 50 gold pieces (gained 11).
You see here 22 stones.
Found 21 bolts.
You see here 21 bolts.
An ogre comes into view. It is wielding a +0 giant club.
The ogre shouts!
An ogre is nearby!
An ogre is nearby!
An ogre is nearby!
You whack the ogre! You burn the ogre. Your headbutt misses the ogre.
The ogre is moderately wounded.
The ogre misses you.
You hit the ogre. You burn the ogre.
The ogre is heavily wounded.
You completely miss the ogre. Your headbutt misses the ogre.
The ogre is heavily wounded.
The ogre hits you with a +0 giant club!!
Ouch! That really hurt!
* * * LOW HITPOINT WARNING * * *
You barely miss the ogre. You headbutt the ogre!
The ogre is severely wounded.
The ogre hits you with a +0 giant club!!
Ouch! That really hurt!
You die...

#.######..## #.#
#.........
#..........########(#
#.####.###
########............#
#.# #.# #
#..########### #.#
#.# # #..........#
#.# #.# #
#.########.# #.# #.#
# #####.########.#
##.## #.###
#..............#
#...###...#
#.###.#######@.#
#.......... #.#
#.##....O....#
#...####..# #.#
#.##.####..#.# #####
#..# ####.# #.##.#
#..#.# #..# ...#.#
#....# #..#.# #..#
##.#.# ###.<# #..#.#
#... #.#.# #..#
#..#.##### #... #.#.#
#..# #..#.#...# ###.
#.#.# #..# #......#.#
#####.


You could see an ogre.

Vanquished Creatures
  A water moccasin skeleton (D:2)
  An orc priest (D:2)
  4 orcs (D:2)
  3 bats (D:1)
  2 endoplasms
  3 giant cockroaches (D:1)
  7 goblins
  4 hobgoblins
  2 jackals (D:2)
  3 kobolds
  4 rats
34 creatures vanquished.

Notes
Turn   | Place    | Note
-------+----------+-------------------------------------------
     0 | D:1      | boopmooplesden the Minotaur Gladiator began the quest for
                  | the Orb.
     0 | D:1      | Reached XP level 1. HP: 18/18 MP: 0/0
    91 | D:1      | Found a faded altar of an unknown god.
   176 | D:1      | Reached XP level 2. HP: 24/25 MP: 1/1
   811 | D:2      | Identified the +7 whip of the Enchanted Forest {flame, rF+
                  | rC+ Will+}
   835 | D:2      | Reached XP level 3. HP: 25/30 MP: 2/2
   835 | D:2      | Reached XP level 4. HP: 31/37 MP: 3/3
  1209 | D:2      | Reached skill level 1 in Armour
  1478 | D:2      | Noticed an ogre
  1482 | D:2      | Annihilated by an ogre

Illustrated notes

Levels and vault maps discovered:
D:1:      mrwooster_arrival_arrow, layout_basic, ebering_ecumenical_altar_box,
          hex_intersection
D:2:      layout_loops_ring

Skill      XL: |  1  2  3  4 |
---------------+-------------+-----
Dodging        | 4 |  4.3
Staves         | 4 |  4.9
Fighting       | 3 |  3.0
Armour         | 1 |  1.3
Maces & Flails | |  0.5
Throwing       | |  2.3

Action                   |  1- 3 |  4- 6 || total
-------------------------+-------+-------++-------
Melee: Quarterstaff      |    26 |       ||    26
       Headbutt          |     2 |     4 ||     6
       Whip              |     3 |    24 ||    27
       Punch             |       |     1 ||     1
  Use: Scroll            |     3 |       ||     3
Armor: Leather armour    |     7 |     1 ||     8
Dodge: Dodged            |    24 |    21 ||    45
